 Dungeon Crawl Stone Soup version 0.30-a0-154-gb106f4c828 (webtiles) character file.

Game seed: 13183699153617985901

2233 Decritt the Digger (level 9, -4/55 HPs)
             Began as a Gargoyle Earth Elementalist on Sept 27, 2022.
             Slain by an orc warrior
             ... wielding a +0 war axe
              (11 damage)
             ... on level 7 of the Dungeon.
             The game lasted 00:16:09 (7704 turns).

Decritt the Digger (Gargoyle Earth Elementalist)    Turns: 7704, Time: 00:16:10

Health: -4/55      AC: 13    Str: 13    XL:     9   Next: 36%
Magic:  12/22      EV: 13    Int: 25    God:
Gold:   229        SH:  5    Dex: 10    Spells: 8/14 levels left

rFire   . . .      SeeInvis .    q - +4 quarterstaff (chaos)
rCold   . . .      Faith    .    (shield currently unavailable)
rNeg    + . .      Spirit   .    y - +2 robe {Will+}
rPois   ∞          Reflect  +    (no helmet)
rElec   +          Harm     .    d - +1 cloak
rCorr   .          Rampage  .    (no gloves)
Will    +....                    (no boots)
Stlth   ++........               t - amulet of reflection
HPRegen 0.18/turn                A - ring "Dacar" {Fly MP+9}
MPRegen 0.18/turn                B - +6 ring of intelligence

@: about to teleport, flying
A: sickness immunity, AC +6, negative energy resistance 1, electricity
resistance, torment resistance 1, petrification resistance
a: no special abilities


You were on level 7 of the Dungeon.
You visited 2 branches of the dungeon, and saw 8 of its levels.
You also visited: Ossuary and Bailey.

You collected 405 gold pieces.
You spent 176 gold pieces at shops.

Inventory:

Hand Weapons
 f - a +2 long sword of flaming
 q - a +4 quarterstaff of chaos (weapon)
Armour
 a - a +2 robe of fire resistance
 d - a +1 cloak (worn)
 p - a +4 scale mail
 y - a +2 robe of willpower (worn)
Jewellery
 e - a ring of resist corrosion
 j - a ring of see invisible
 t - an amulet of reflection (around neck)
 A - the ring "Dacar" (left hand) {Fly MP+9}
   (You found it on level 4 of the Dungeon)

   [ring of flight]

   MP:        It affects your magic capacity (+9).
   Fly:       It grants you flight.
 B - a +6 ring of intelligence (right hand)
Wands
 l - a wand of digging (3)
 C - a wand of quicksilver (9)
Scrolls
 i - a scroll of immolation {unknown}
 m - 4 scrolls of silence
 o - a scroll of fear
 r - 5 scrolls of identify
 u - 2 scrolls of teleportation
 D - a scroll of fog
 E - a scroll of enchant armour
Potions
 b - a potion of magic
 c - 5 potions of flight
 g - 3 potions of might
 h - 2 potions of berserk rage
 k - a potion of cancellation
 n - 3 potions of resistance
 s - 2 potions of ambrosia
 v - 6 potions of curing
 w - 2 potions of heal wounds
 x - 2 potions of brilliance
 z - 2 potions of invisibility


   Skills:
 + Level 5.6 Fighting
 + Level 5.6 Armour
 + Level 4.6 Dodging
 - Level 2.1 Stealth
 - Level 3.0 Spellcasting
 + Level 5.5 Conjurations
 - Level 0.7 Transmutations
 + Level 7.4 Earth Magic


You had 8 spell levels left.
You knew the following spells:

 Your Spells              Type           Power      Damage    Failure   Level
a - Sandblast             Erth           80%        2d17      1%          1
b - Stone Arrow           Conj/Erth      72%        3d11      2%          3
c - Blink                 Tloc           6%         N/A       16%         2

Your spell library contained the following spells:

 Spells                   Type           Power      Damage    Failure   Level
 Passwall                 Tmut/Erth      20%        N/A       3%          2
 Static Discharge         Conj/Air       34%        2-4/arc   4%          2
 Ensorcelled Hibernation  Hex/Ice        6%         N/A       16%         2
 Poisonous Vapours        Pois/Air       6%         N/A       16%         2
 Petrify                  Tmut/Erth      24%        N/A       19%         4
 Spider Form              Tmut/Pois      5%         N/A       26%         3
 Lesser Beckoning         Tloc           3%         N/A       30%         3
 Ozocubu's Armour         Ice            3%         N/A       30%         3
 Arcjolt                  Conj/Air       8%         1d18      65%         5
 Lightning Bolt           Conj/Air       8%         1d21      65%         5
 Anguish                  Hex/Necr       1%         N/A       69%         4
 Manifold Assault         Tloc           3%         N/A       69%         4
 Metabolic Englaciation   Hex/Ice        1%         N/A       95%         5
 Simulacrum               Ice/Necr       1%         N/A       100%        6
 Maxwell's Capacitive Co  Air            1%         ∞         100%        8
 Cigotuvi's Dreadful Rot  Necr/Pois/Air  Unusable   N/A       N/A         2

Dungeon Overview and Level Annotations

Branches:
Dungeon (7/15)             Temple (1/1) D:4         Ossuary (visited)
 Bailey (visited)

Altars:
Ashenzari
Cheibriados
Dithmenos
Elyvilon
Fedhas
Gozag
Kikubaaqudgha
Makhleb
Nemelex Xobeh
Okawaru
Qazlal
Ru
Sif Muna
Trog
Uskayaw
Wu Jian
Yredelemnul
Zin
The Shining One

Shops:
D:2 :   D:3 !


Innate Abilities, Weirdness & Mutations

You are immune to sickness and miasma.
Your stone body is resilient. (AC +6)
You are immune to poison.
You resist negative energy. (rN+)
You are resistant to electric shocks. (rElec)
You are resistant to unholy torment.
You are immune to petrification.


Message History

The orc warrior misses you. The goblin hits you but does no damage.
The orc warrior hits you but does no damage.
The orc warrior hits you with a +0 war axe.
Welcome back to the Dungeon!
There is an empty arch of ancient stone here.
Casting: Sandblast (safe; 1% risk of failure)
Confirm with . or Enter, or press ? or * to list all spells.
Aiming: Sandblast (safe; 1% risk of failure)
Press: ? - help, Shift-Dir - straight line, f - orc warrior
Aim: an orc warrior, wielding a +0 war axe and wearing a +0 scale mail (81% to hit)
The blast of sand hits the orc warrior!
The orc warrior is heavily wounded.
The goblin closely misses you. The orc warrior closely misses you.
The orc warrior hits you with a +0 war axe!
You block the goblin's attack.
The orc warrior hits you with a +0 war axe.
The orc warrior hits you with a +0 war axe!
* * * LOW HITPOINT WARNING * * *
Your magical contamination has completely faded away.
Casting: Sandblast (safe; 1% risk of failure)
Confirm with . or Enter, or press ? or * to list all spells.
Aiming: Stone Arrow (dangerous; 2% risk of failure)
Press: ? - help, Shift-Dir - straight line, f/p - orc warrior
Aim: an orc warrior, wielding a +0 war axe and wearing a +0 scale mail (heavily wounded, 67% to hit)
The stone arrow hits the orc warrior!
The orc warrior is almost dead.
The goblin misses you.
The orc warrior hits you with a +0 war axe!
* * * LOW HITPOINT WARNING * * *
The orc warrior closely misses you.
As you read the scroll of teleportation, it crumbles to dust.
You feel strangely unstable. The goblin closely misses you.
You block the orc warrior's attack. x2
The goblin attacks as you move away! The goblin closely misses you.
The orc warrior hits you with a +0 war axe.
* * * LOW HITPOINT WARNING * * *
The orc warrior attacks as you move away!
The orc warrior hits you with a +0 war axe!
You die...

#.# .# #...# #.# .#
###...# ########.# .##
#.#.....### #........#
#####..###..........
#........#
#.......##...####...
#........#####.≈≈~≈≈.##...
#♣.♣
#............(.≈...≈.##...
#...
#.......######.(oo.~......
#♣.8
#.....>†######.≈@g.≈..#...
#...
#.....).....##.≈≈~≈≈..#...
#♣.8
##.#.##.###.##........#
#...
#.#.##..##.#####.#####
#♣.♣ #.#.##.#.#.# ##.#
#... #.#.#.###..###....
#♣.♣ #.#..# ##.........
...# #...
......###....<.#.## #..#
#♣.♣ #..#.##<#.#..#.....#
#.. #...


You could see 2 orc warriors and a goblin.

Vanquished Creatures
  Pikel (D:4)
  A water moccasin (D:4)
  A sky beast (D:7)
  2 ice beasts
  An orc warrior (Bailey)
  An ogre (D:4)
  A lemure (D:4)
  3 scorpions
  Blork the orc (D:4)
  A bullfrog (D:5)
  6 wights
  A howler monkey (D:6)
  A bullfrog zombie (Ossuary)
  3 centaur zombies (Ossuary)
  3 hounds
  An orc priest (D:2)
  Crazy Yiuf (D:5)
  An iguana (D:3)
  6 gnolls
  8 adders
  2 adder zombies (Ossuary)
  A worm (D:4)
  A dart slug (D:3)
  6 orcs
  4 ball pythons (D:1)
  6 bats
  3 endoplasms
  4 giant cockroaches
  4 gnoll zombies (Ossuary)
  4 hobgoblins
  4 jackals
  12 kobolds
  2 quokkas
  2 frilled lizards
  14 goblins
  3 goblin zombies (Ossuary)
  4 hobgoblin zombies (Ossuary)
  2 orc zombies (Ossuary)
  10 rats
132 creatures vanquished.

Vanquished Creatures (others)
  A fungus (D:3)
  4 toadstools (D:3)
5 creatures vanquished.

Grand Total: 137 creatures vanquished

Notes
Turn   | Place    | Note
-------+----------+-------------------------------------------
     0 | D:1      | Decritt the Gargoyle Earth Elementalist began the quest for
                  | the Orb.
     0 | D:1      | Reached XP level 1. HP: 10/10 MP: 3/3
   177 | D:1      | Reached XP level 2. HP: 16/16 MP: 1/5
  1010 | D:2      | Reached skill level 1 in Armour
  1010 | D:2      | Reached XP level 3. HP: 19/20 MP: 4/6
  1068 | D:2      | Found Comiheni's Vocational Training.
  1093 | D:2      | Reached skill level 1 in Fighting
  1093 | D:2      | Reached skill level 1 in Conjurations
  1093 | D:2      | Reached skill level 4 in Earth Magic
  1901 | D:2      | Reached XP level 4. HP: 14/25 MP: 3/7
  2052 | D:3      | Found a faded altar of an unknown god.
  2467 | D:3      | Found Plog's Distillery.
  2524 | D:3      | Bought a potion of curing for 33 gold pieces
  2524 | D:3      | Bought a potion of heal wounds for 55 gold pieces
  2524 | D:3      | Bought a potion of brilliance for 44 gold pieces
  2524 | D:3      | Bought a potion of brilliance for 44 gold pieces
  2780 | D:4      | Noticed a water moccasin
  2792 | D:3      | Reached XP level 5. HP: 22/30 MP: 8/8
  3147 | D:4      | Noticed Blork the orc
  3453 | D:4      | Killed Blork the orc
  3454 | D:4      | Reached XP level 6. HP: 36/36 MP: 3/10
  3562 | D:4      | Identified the ring "Dacar" {Fly MP+9}
  3629 | D:4      | Learned a level 3 spell: Stone Arrow
  3851 | D:4      | Killed a water moccasin
  3852 | D:4      | Reached skill level 5 in Earth Magic
  3852 | D:4      | Reached XP level 7. HP: 33/41 MP: 11/11
  4344 | D:4      | Found a staircase to the Ecumenical Temple.
  4346 | D:4      | Noticed Pikel
  4365 | D:4      | Killed Pikel
  4366 | D:4      | Reached skill level 6 in Earth Magic
  4366 | D:4      | Reached XP level 8. HP: 22/48 MP: 11/12
  4540 | Temple   | Entered the Ecumenical Temple
  4616 | D:5      | Entered Level 5 of the Dungeon
  4735 | D:5      | Found a sand-covered staircase.
  4744 | Ossuary  | Entered an ossuary
  5308 | Ossuary  | Noticed a silent spectre
  5905 | D:5      | Found a runed translucent door.
  5906 | D:5      | Noticed Crazy Yiuf
  5912 | D:5      | Killed Crazy Yiuf
  6077 | D:5      | Learned a level 2 spell: Blink
  6415 | D:6      | Reached skill level 5 in Fighting
  6418 | D:6      | Reached skill level 5 in Armour
  6421 | D:6      | Reached skill level 5 in Conjurations
  6421 | D:6      | Reached XP level 9. HP: 54/54 MP: 4/13
  6424 | D:6      | Reached skill level 7 in Earth Magic
  7245 | D:7      | Found a flagged portal.
  7350 | Bailey   | Entered a bailey
  7355 | Bailey   | Noticed an orc warlord
  7671 | Bailey   | Noticed an orc knight
  7704 | D:7      | Slain by an orc warrior

Illustrated notes

Levels and vault maps discovered:
D:1:      lemuel_arrival_tunnels, layout_basic, serial_glass, glass_columns_a,
          glass_columns_a, glass_columns_a, glass_columns_a,
          minmay_misc_feat_five
D:2:      layout_loops_cross, nicolae_shop_vocational
D:3:      layout_loops_ring, serial_shops, shop_fountains,
          nicolae_ecumenical_lake_church, minmay_gold_behind_fungi
D:4:      layout_rooms, minmay_temple_entry_nine_rooms, uniq_pikel,
          uniq_blork_the_orc
D:5:      layout_loops_ring, lightli_ossuary_entry_decrepit_ruins,
          uniq_crazy_yiuf_cottage
D:6:      layout_rooms
D:7:      layout_loops_ring, enter_bailey_5, hangedman_decor_opposing,
          chequers_avenue
Temple:   hellmonk_temple_of_storms

Skill      XL: |  1  2  3  4  5  6  7  8  9 |
---------------+----------------------------+-----
Armour         | 1 2 4 5 |  5.6
Fighting       | 1 2 3 4 5 |  5.6
Conjurations   | 1 2 4 5 |  5.5
Earth Magic    | 4 5 6 7 |  7.4
Dodging        | 2 3 4 |  4.6
Spellcasting   | 3 |  3.0
Stealth        | |  2.1
Transmutations | |  0.7

Action                   |  1- 3 |  4- 6 |  7- 9 || total
-------------------------+-------+-------+-------++-------
Melee: Unarmed           |     1 |       |       ||     1
       Long sword        |     9 |    24 |       ||    33
       Quarterstaff      |       |       |    15 ||    15
 Cast: Sandblast         |    31 |    55 |    95 ||   181
       Stone Arrow       |       |       |    40 ||    40
  Use: Scroll            |       |     1 |    17 ||    18
       Potion            |       |     1 |       ||     1
 Stab: Sleeping          |       |     1 |       ||     1
Armor: Robe              |     7 |    13 |    22 ||    42
       Skin              |       |     1 |       ||     1
Dodge: Dodged            |    14 |    57 |    54 ||   125
Block: Other             |       |    16 |    23 ||    39
       Reflection        |       |       |     2 ||     2

Table legend: (Time is in decaauts)
 A = Elapsed time spent in this place.
 B = Non-inter-level travel time spent in this place.
 C = Inter-level travel time spent in this place.
 D = Time resting spent in this place.
 E = Time spent auto-exploring this place.
 F = Levels seen in this place.
 G = Mean time per level.
                   A        B        C        D        E       F      G
               +--------+--------+--------+--------+--------+-----+--------+
         Total |   7809 |   7638 |    171 |   2088 |   4399 |  10 |  780.9 |
       Dungeon |   6569 |   6405 |    164 |   1314 |   4272 |   7 |  938.4 |
        Temple |     39 |     32 |      7 |      0 |     18 |   1 |   39.0 |
       Ossuary |    841 |    841 |      0 |    529 |    109 |   1 |  841.0 |
        Bailey |    359 |    359 |      0 |    245 |      0 |   1 |  359.0 |
               +--------+--------+--------+--------+--------+-----+--------+

Top non-repeatable levels by time:
     D:3: 1417 daAuts
     D:4: 1175 daAuts
     D:2: 1071 daAuts
     D:1: 980 daAuts
     D:5: 847 daAuts
 Ossuary: 841 daAuts
     D:6: 622 daAuts
     D:7: 455 daAuts
  Bailey: 359 daAuts
  Temple: 39 daAuts
